[Event "11th Dolomiti Open 2020"]
[Site "Forni di Sopra"]
[Date "2020.10.02"]
[Round "8.4"]
[White "Seresin, Francesco"]
[Black "Blohberger, Felix"]
[Result "1/2-1/2"]
[ECO "A17"]
[WhiteElo "2371"]
[BlackElo "2467"]
[Annotator "ChessBase"]
[PlyCount "96"]
[EventDate "2020.09.26"]
[EventType "swiss"]
[EventCountry "ITA"]
[SourceTitle "playchess.com"]
[Source "ChessBase"]
[SourceQuality "1"]
[TimeControl "40/5400+30:1800+30"]

1. c4 e6 2. Nf3 Nf6 3. Nc3 Bb4 4. Qc2 O-O 5. e3 b6 6. a3 Bxc3 7. Qxc3 Bb7 8. Be2 d6 9. O-O Nbd7 10. b4 e5 11. d3 h6 12. Bb2 Qe7 13. Nd2 Rfe8 14. Rae1 Nf8 15. Qc2 Ng6 16. Bf3 Bxf3 17. Nxf3 Nd7 18. Nd2 a5 19. Bc3 axb4 20. axb4 Nf6 21. d4 Qd7 22. dxe5 dxe5 23. Ra1 Rxa1 24. Rxa1 Qg4 25. f3 Qe6 26. Qd3 e4 27. Nxe4 Nxe4 28. Qxe4 Qxe4 29. fxe4 Rxe4 30. Bd4 Nf4 31. Rd1 Ne6 32. c5 bxc5 33. bxc5 f5 34. g3 Kf7 35. Kf2 c6 36. Rb1 Nxd4 37. exd4 Rxd4 38. Rb6 Rd2+ 39. Kg1 Kg6 40. Rxc6+ Kh5 41. h3 Rc2 42. Rc8 Kg5 43. Rc7 g6 44. Rc6 Kh5 45. Rc8 Kg5 46. Rc6 Rc4 47. Kg2 Rc3 48. Kh2 Rc2+ 1/2-1/2

[Event "11th Dolomiti Open 2020"]
[Site "Forni di Sopra"]
[Date "2020.10.02"]
[Round "8.5"]
[White "Bonade, Massimo"]
[Black "Bellia, Fabrizio"]
[Result "0-1"]
[ECO "C28"]
[WhiteElo "2160"]
[BlackElo "2421"]
[Annotator "ChessBase"]
[PlyCount "98"]
[EventDate "2020.09.26"]
[EventType "swiss"]
[EventCountry "ITA"]
[SourceTitle "playchess.com"]
[Source "ChessBase"]
[SourceQuality "1"]
[TimeControl "40/5400+30:1800+30"]

1. e4 e5 2. Nc3 Nf6 3. Bc4 Nc6 4. d3 Na5 5. Nge2 c6 6. a4 Nxc4 7. dxc4 d6 8. O-O Be7 9. Qd3 O-O 10. b3 Be6 11. Ba3 Qc7 12. Rad1 Rad8 13. Qe3 Ng4 14. Qc1 f5 15. h3 Nh6 16. f3 f4 17. Rd3 Rf6 18. Rfd1 Nf7 19. Kf1 Rg6 20. Ng1 Qb6 21. Qd2 Bh4 22. Qe2 Bc8 23. R1d2 h6 24. Nd1 Kh7 25. Nb2 c5 26. Nd1 Qc7 27. Nc3 Qe7 28. Nd5 Qg5 29. b4 cxb4 30. Bxb4 b6 31. a5 Ba6 32. Rc3 Rc8 33. axb6 axb6 34. Nxb6 Rb8 35. Nd5 Qg3 36. Rd1 Rc8 37. Nb6 Rc6 38. Ba5 Nd8 39. Rd5 Nb7 40. Nd7 Kg8 41. Rb5 Nxa5 42. Rxa5 Re6 43. Ra4 Re8 44. Rb3 d5 45. Nb6 dxc4 46. Rb1 Bc8 47. Nxc4 Ba6 48. Rba1 Ree6 49. Rb4 Bxc4 0-1

[Event "11th Dolomiti Open 2020"]
[Site "Forni di Sopra"]
[Date "2020.10.02"]
[Round "8.6"]
[White "Barp, Alberto"]
[Black "Simonetto, Andrea"]
[Result "1/2-1/2"]
[ECO "A50"]
[WhiteElo "2377"]
[BlackElo "2195"]
[Annotator "ChessBase"]
[PlyCount "68"]
[EventDate "2020.09.26"]
[EventType "swiss"]
[EventCountry "ITA"]
[SourceTitle "playchess.com"]
[Source "ChessBase"]
[SourceQuality "1"]
[TimeControl "40/5400+30:1800+30"]

1. d4 Nf6 2. c4 b6 3. f3 Nc6 4. Nc3 e5 5. d5 Ne7 6. e4 Ng6 7. Nge2 Nh5 8. g3 Bc5 9. a3 a5 10. Na4 Be7 11. Be3 Ba6 12. Nec3 d6 13. Bf2 Nf6 14. h4 Nd7 15. b4 h5 16. Bd3 Ngf8 17. Qd2 g5 18. hxg5 Bxg5 19. Be3 Bxe3 20. Qxe3 Ng6 21. bxa5 bxa5 22. O-O-O h4 23. gxh4 Rxh4 24. Nb5 Bxb5 25. cxb5 Qf6 26. Rxh4 Nxh4 27. Be2 Qf4 28. Qxf4 exf4 29. Kd2 O-O-O 30. Rh1 Ng6 31. Rh7 Nge5 32. Rh4 Ng6 33. Rh7 Nge5 34. Rh4 Ng6 1/2-1/2

[Event "11th Dolomiti Open 2020"]
[Site "Forni di Sopra"]
[Date "2020.10.02"]
[Round "8.7"]
[White "Andolfatto, Maria"]
[Black "Tencati, Giuseppe"]
[Result "0-1"]
[ECO "D12"]
[WhiteElo "2002"]
[BlackElo "2095"]
[Annotator "ChessBase"]
[PlyCount "150"]
[EventDate "2020.09.26"]
[EventType "swiss"]
[EventCountry "ITA"]
[SourceTitle "playchess.com"]
[Source "ChessBase"]
[SourceQuality "1"]
[TimeControl "40/5400+30:1800+30"]

1. Nf3 d5 2. c4 c6 3. d4 Nf6 4. e3 Bf5 5. Nc3 e6 6. Be2 Nbd7 7. O-O Bd6 8. b3 h6 9. Bb2 O-O 10. Nd2 Ne4 11. Bf3 Ng5 12. Bg4 Qf6 13. Bxf5 Qxf5 14. Qe2 Nf6 15. Rae1 Qg6 16. f4 Nge4 17. Ndxe4 Nxe4 18. f5 Nxc3 19. Bxc3 exf5 20. Qf3 dxc4 21. bxc4 Rae8 22. c5 Bb8 23. d5 cxd5 24. Qxd5 f4 25. exf4 Rxe1 26. Bxe1 b6 27. cxb6 Qxb6+ 28. Bf2 Rd8 29. Bxb6 Rxd5 30. Be3 Rd3 31. Re1 Ra3 32. Re2 Ra4 33. g3 Bd6 34. Rd2 Bc7 35. Kf2 Ba5 36. Rb2 Bc3 37. Rc2 Ba1 38. Rd2 a5 39. Rc2 f5 40. Bc5 Kf7 41. h3 Ke6 42. Kf3 h5 43. g4 g6 44. gxh5 gxh5 45. Rd2 Bf6 46. Rd6+ Kf7 47. Rd2 Rc4 48. Be3 a4 49. Rd3 Be7 50. Rd4 Rxd4 51. Bxd4 Ke6 52. Ke3 Bd6 53. Kf3 Kd5 54. Bf6 Bb4 55. Ke3 Kc4 56. Ke2 Bc3 57. Be7 Bb2 58. Kf3 Bc3 59. Ke2 Ba5 60. Ke3 Kc3 61. Bf6+ Kc2 62. Be7 Bc3 63. Ba3 Bd2+ 64. Kf3 Kb1 65. Bd6 Kxa2 66. Ke2 Bc1 67. Kd3 Kb3 68. Kd4 Bb2+ 69. Kd5 Ba3 70. Be5 Bb4 71. Ke6 a3 72. Kxf5 a2 73. Kg5 Bc3 74. Bxc3 Kxc3 75. Kxh5 a1=Q 0-1

[Event "11th Dolomiti Open 2020"]
[Site "Forni di Sopra"]
[Date "2020.10.02"]
[Round "8.8"]
[White "Fecker, Noah"]
[Black "Marchesich, Giovanni"]
[Result "1/2-1/2"]
[ECO "C72"]
[WhiteElo "2345"]
[BlackElo "2063"]
[Annotator "ChessBase"]
[PlyCount "27"]
[EventDate "2020.09.26"]
[EventType "swiss"]
[EventCountry "ITA"]
[SourceTitle "playchess.com"]
[Source "ChessBase"]
[SourceQuality "1"]
[TimeControl "40/5400+30:1800+30"]

1. e4 e5 2. Nf3 Nc6 3. Bb5 a6 4. Ba4 d6 5. O-O Bg4 6. h3 h5 7. d4 b5 8. Bb3 Nxd4 9. hxg4 Nxb3 10. axb3 hxg4 11. Ng5 Qd7 12. Nc3 c6 13. Ne2 f6 14. Ng3 1/2-1/2

[Event "11th Dolomiti Open 2020"]
[Site "Forni di Sopra"]
[Date "2020.10.02"]
[Round "8.9"]
[White "Bisignano, Giuseppe"]
[Black "Gasperi, Fosco"]
[Result "1-0"]
[ECO "B13"]
[WhiteElo "1818"]
[BlackElo "1802"]
[Annotator "NA"]
[PlyCount "35"]
[EventDate "2020.09.26"]
[EventType "swiss"]
[EventCountry "ITA"]
[SourceTitle "playchess.com"]
[Source "ChessBase"]
[SourceQuality "1"]
[TimeControl "40/5400+30:1800+30"]

1. e4 c6 2. Nf3 d5 3. exd5 cxd5 4. d4 Nc6 5. Nc3 Bg4 6. Be2 e6 7. O-O Nf6 8. h3 Bh5 9. Bg5 Be7 10. Re1 O-O 11. Ne5 Bxe2 12. Rxe2 Rc8 13. Re3 Re8 14. f4 Nxd4 15. Bxf6 gxf6 16. Rg3+ Kf8 17. Qh5 Ne2+ 18. Kh2 1-0

[Event "11th Dolomiti Open 2020"]
[Site "Forni di Sopra"]
[Date "2020.10.03"]
[Round "9.1"]
[White "Valsecchi, Alessio"]
[Black "Bellia, Fabrizio"]
[Result "1/2-1/2"]
[ECO "C97"]
[WhiteElo "2491"]
[BlackElo "2421"]
[Annotator "ChessBase"]
[PlyCount "22"]
[EventDate "2020.09.26"]
[EventType "swiss"]
[EventCountry "ITA"]
[SourceTitle "playchess.com"]
[Source "ChessBase"]
[SourceQuality "1"]
[TimeControl "40/5400+30:1800+30"]

1. e4 e5 2. Nf3 Nc6 3. Bb5 a6 4. Ba4 Nf6 5. O-O Be7 6. Re1 b5 7. Bb3 d6 8. c3 O-O 9. h3 Na5 10. Bc2 c5 11. d4 Qc7 1/2-1/2

[Event "11th Dolomiti Open 2020"]
[Site "Forni di Sopra"]
[Date "2020.10.03"]
[Round "9.3"]
[White "Moroni, Luca Jr"]
[Black "Seresin, Francesco"]
[Result "1/2-1/2"]
[ECO "A45"]
[WhiteElo "2530"]
[BlackElo "2371"]
[Annotator "ChessBase"]
[PlyCount "60"]
[EventDate "2020.09.26"]
[EventType "swiss"]
[EventCountry "ITA"]
[SourceTitle "playchess.com"]
[Source "ChessBase"]
[SourceQuality "1"]
[TimeControl "40/5400+30:1800+30"]

1. d4 Nf6 2. Bf4 g6 3. Nc3 d5 4. e3 Bg7 5. Nb5 Na6 6. h3 O-O 7. Nf3 c6 8. Nc3 Nc7 9. Bd3 Ne6 10. Be5 Nd7 11. Bxg7 Kxg7 12. Qd2 Nf6 13. g4 h6 14. O-O-O b5 15. Ne2 c5 16. dxc5 Nxc5 17. Rhg1 Qb6 18. Kb1 b4 19. g5 hxg5 20. Nxg5 e5 21. Ng3 Rh8 22. f4 Nxd3 23. Qxd3 Ba6 24. Qd2 exf4 25. exf4 Rae8 26. h4 Bc8 27. f5 Rxh4 28. Nf3 Rg4 29. fxg6 fxg6 30. Rde1 Ne4 1/2-1/2

[Event "11th Dolomiti Open 2020"]
[Site "Forni di Sopra"]
[Date "2020.10.03"]
[Round "9.4"]
[White "Gumularz, Szymon"]
[Black "Blohberger, Felix"]
[Result "1/2-1/2"]
[ECO "A49"]
[WhiteElo "2518"]
[BlackElo "2467"]
[Annotator "ChessBase"]
[PlyCount "75"]
[EventDate "2020.09.26"]
[EventType "swiss"]
[EventCountry "ITA"]
[SourceTitle "playchess.com"]
[Source "ChessBase"]
[SourceQuality "1"]
[TimeControl "40/5400+30:1800+30"]

1. Nf3 Nf6 2. g3 g6 3. b3 Bg7 4. Bb2 d6 5. d4 c5 6. Bg2 Qa5+ 7. Qd2 Qxd2+ 8. Nbxd2 Nfd7 9. O-O-O Nc6 10. Nc4 Rb8 11. d5 Bxb2+ 12. Kxb2 Nce5 13. Nfxe5 Nxe5 14. Nxe5 dxe5 15. d6 exd6 16. Rxd6 Be6 17. Rhd1 Ke7 18. R6d2 b6 19. Bd5 Rhd8 20. c4 Bxd5 21. Rxd5 Rxd5 22. Rxd5 f6 23. Kc3 Rd8 24. e4 Rxd5 25. exd5 f5 26. f3 Kd6 27. Kd3 Ke7 28. Ke3 Kd6 29. Kf2 Ke7 30. Kg2 Kd6 31. Kh3 Ke7 32. Kh4 h6 33. Kh3 Kd6 34. Kg2 Ke7 35. a4 a5 36. g4 Kd6 37. h4 h5 38. gxh5 1/2-1/2

[Event "11th Dolomiti Open 2020"]
[Site "Forni di Sopra"]
[Date "2020.10.03"]
[Round "9.5"]
[White "Tencati, Giuseppe"]
[Black "Cumming, Rhys"]
[Result "0-1"]
[ECO "C45"]
[WhiteElo "2095"]
[BlackElo "2299"]
[Annotator "ChessBase"]
[PlyCount "47"]
[EventDate "2020.09.26"]
[EventType "swiss"]
[EventCountry "ITA"]
[SourceTitle "playchess.com"]
[Source "ChessBase"]
[SourceQuality "1"]
[TimeControl "40/5400+30:1800+30"]

1. e4 e5 2. Nf3 Nc6 3. d4 exd4 4. Nxd4 Nf6 5. Nxc6 bxc6 6. e5 Qe7 7. Qe2 Nd5 8. c4 Nb6 9. Nc3 Ba6 10. b3 O-O-O 11. Bb2 Re8 12. f4 f6 13. Ne4 fxe5 14. fxe5 d5 15. Nd2 g6 16. O-O-O Bg7 17. Re1 c5 18. Qg4+ Kb8 19. cxd5 Bxf1 20. Rhxf1 Nxd5 21. Kb1 Rhf8 22. Nc4 Rf7 23. Rf2 Rxf2 24. Rf1 0-1

[Event "11th Dolomiti Open 2020"]
[Site "Forni di Sopra"]
[Date "2020.10.03"]
[Round "9.6"]
[White "Fischer, Daniel"]
[Black "Barp, Alberto"]
[Result "1-0"]
[ECO "B12"]
[WhiteElo "2331"]
[BlackElo "2377"]
[Annotator "ChessBase"]
[PlyCount "99"]
[EventDate "2020.09.26"]
[EventType "swiss"]
[EventCountry "ITA"]
[SourceTitle "playchess.com"]
[Source "ChessBase"]
[SourceQuality "1"]
[TimeControl "40/5400+30:1800+30"]

1. e4 c6 2. d4 d5 3. e5 Bf5 4. Nf3 e6 5. Be2 Nd7 6. O-O h6 7. Nbd2 Ne7 8. Nb3 g5 9. a4 Bg7 10. a5 Qc7 11. Bd2 c5 12. Nxc5 Nxc5 13. dxc5 Qxc5 14. c3 O-O 15. Be3 Qc7 16. h4 g4 17. Nd4 Qxe5 18. Bxg4 Bxg4 19. Qxg4 Qf6 20. a6 b6 21. Rfe1 e5 22. Nf3 Nc6 23. b4 b5 24. Bc5 Rfe8 25. Rad1 Rad8 26. Rd2 Kh7 27. Red1 Qe6 28. Qh5 Kg8 29. Nh2 f5 30. Rxd5 Rxd5 31. Rxd5 Qxd5 32. Qxe8+ Kh7 33. h5 e4 34. Qg6+ Kh8 35. Qe8+ Kh7 36. Qg6+ Kh8 37. Be3 Ne5 38. Qe8+ Kh7 39. Bxa7 Qd1+ 40. Nf1 Qg4 41. Bb8 Nf3+ 42. Kh1 Qh4+ 43. Nh2 Nxh2 44. Bxh2 Qxf2 45. Qg6+ Kh8 46. Qg3 Qf1+ 47. Bg1 f4 48. Qg4 f3 49. a7 fxg2+ 50. Qxg2 1-0

[Event "11th Dolomiti Open 2020"]
[Site "Forni di Sopra"]
[Date "2020.10.03"]
[Round "9.7"]
[White "Simonetto, Andrea"]
[Black "Fecker, Noah"]
[Result "1/2-1/2"]
[ECO "B13"]
[WhiteElo "2195"]
[BlackElo "2345"]
[Annotator "ChessBase"]
[PlyCount "70"]
[EventDate "2020.09.26"]
[EventType "swiss"]
[EventCountry "ITA"]
[SourceTitle "playchess.com"]
[Source "ChessBase"]
[SourceQuality "1"]
[TimeControl "40/5400+30:1800+30"]

1. Nf3 c5 2. e3 Nc6 3. d4 cxd4 4. exd4 d5 5. c4 Nf6 6. Nc3 Be6 7. Bg5 g6 8. Bxf6 exf6 9. c5 Bg7 10. Bb5 O-O 11. Qa4 Ne7 12. O-O g5 13. Rfe1 a6 14. Bd3 Ng6 15. g3 f5 16. Qc2 f4 17. b4 Re8 18. Rab1 Rc8 19. Na4 fxg3 20. hxg3 g4 21. Ne5 Qg5 22. Nb6 Bxe5 23. Bxg6 hxg6 24. Rxe5 Bf5 25. Rxf5 gxf5 26. Nxc8 Rxc8 27. Re1 Kg7 28. Qe2 Qh6 29. Qe5+ Kg6 30. Qxd5 Rh8 31. Qxb7 Qd2 32. Qe7 Qh6 33. Qh4 Qg7 34. Qe7 Qh6 35. Qb7 Qd2 1/2-1/2

[Event "11th Dolomiti Open 2020"]
[Site "Forni di Sopra"]
[Date "2020.10.03"]
[Round "9.9"]
[White "Sirletti, Sonia"]
[Black "Bisignano, Giuseppe"]
[Result "1-0"]
[ECO "D05"]
[WhiteElo "1804"]
[BlackElo "1818"]
[Annotator "NA"]
[PlyCount "46"]
[EventDate "2020.09.26"]
[EventType "swiss"]
[EventCountry "ITA"]
[SourceTitle "playchess.com"]
[Source "ChessBase"]
[SourceQuality "1"]
[TimeControl "40/5400+30:1800+30"]

1. d4 Nf6 2. Nf3 e6 3. e3 c5 4. Bd3 Nc6 5. O-O d5 6. b3 cxd4 7. exd4 Bd6 8. Bb2 O-O 9. Nbd2 Qc7 10. a3 a6 11. Qe2 Bd7 12. Ne5 Be8 13. f4 g6 14. Kh1 Kg7 15. Rf3 h5 16. Rh3 Ne7 17. c4 Nf5 18. Rc1 Rc8 19. cxd5 Qxc1+ 20. Bxc1 Rxc1+ 21. Nf1 Nxd4 22. Qb2 Rd1 23. Qxd4 Bb5 1-0

[Event "11th Dolomiti Open 2020"]
[Site "Forni di Sopra"]
[Date "2020.10.03"]
[Round "9.10"]
[White "Ollari, Luca"]
[Black "Papale, Carmelo"]
[Result "1-0"]
[ECO "B20"]
[WhiteElo "1826"]
[BlackElo "1741"]
[Annotator "NA"]
[PlyCount "111"]
[EventDate "2020.09.26"]
[EventType "swiss"]
[EventCountry "ITA"]
[SourceTitle "playchess.com"]
[Source "ChessBase"]
[SourceQuality "1"]
[TimeControl "40/5400+30:1800+30"]

1. e4 c5 2. a3 d6 3. b4 Qc7 4. Nc3 e6 5. Nf3 a6 6. Bb2 Nf6 7. b5 Be7 8. Be2 Nbd7 9. a4 a5 10. O-O b6 11. d3 Bb7 12. Nd2 O-O 13. f4 Rad8 14. Bf3 d5 15. e5 Ne8 16. Qe1 g6 17. Ne2 Ng7 18. Ng3 Bh4 19. Qe2 f6 20. c4 fxe5 21. cxd5 exd5 22. fxe5 Rde8 23. d4 Ne6 24. Bg4 cxd4 25. Bxe6+ Rxe6 26. Qg4 Qxe5 27. Bxd4 Qd6 28. Qxh4 Qb4 29. Nf3 Re4 30. Nxe4 dxe4 31. Qh3 Rf7 32. Rfb1 Qc4 33. Ng5 Qxd4+ 34. Kh1 Re7 35. Rd1 Qe5 36. Qb3+ Kg7 37. Ne6+ Kh8 38. Nd8 Nc5 39. Nf7+ Kg7 40. Nxe5 Nxb3 41. Ra3 Nc5 42. Nc4 Re6 43. Kg1 Nd3 44. Ne3 Kf6 45. Rc3 Nc5 46. Rc4 h5 47. h4 Ke5 48. g3 Rf6 49. Rcd4 Rf3 50. Nc4+ Ke6 51. Rd6+ Ke7 52. Rxg6 Kf7 53. Ne5+ Ke8 54. Rc1 Nd3 55. Nc4 Nc5 56. Ne3 1-0